 Dungeon Crawl Stone Soup version 0.23.2-1-ga50397a6bc (webtiles) character file.

Game seed: 1435748141534400195

415 MachJacob the Digger (level 6, -2/32 HPs)
             Began as a Gargoyle Earth Elementalist on Apr 20, 2019.
             Killed by divine providence
             ... invoked by an orc priest
              (12 damage)
             ... on level 4 of the Dungeon.
             The game lasted 00:16:42 (3634 turns).

MachJacob the Digger (Gargoyle Earth Elementalist)  Turns: 3634, Time: 00:16:42

Health: -2/32      AC:  7    Str: 11    XL:     6   Next: 92%
Magic:  8/10       EV: 12    Int: 18    God:
Gold:   220        SH:  0    Dex: 10    Spells: 10/11 levels left

rFire    . . .     SeeInvis .   f - +0 club
rCold    . . .     Gourm    .   (no shield)
rNeg     + . .     Faith    .   c - +0 robe
rPois    ∞         Spirit   .   o - +0 helmet
rElec    +         Reflect  .   r - scarf {cloud immunity}
rCorr    .         Harm     .   (no gloves)
MR       .....                  (no boots)
Stlth    ++........             (no amulet)
HPRegen  0.10/turn              (no ring)
MPRegen  0.12/turn              (no ring)

@: no status effects
A: negative energy resistance 1, electricity resistance, unbreathing,
petrification resistance, rot immunity, AC +4
a: no special abilities


You were on level 4 of the Dungeon.
You were not hungry.

You visited 1 branch of the dungeon, and saw 4 of its levels.

You collected 220 gold pieces.

Inventory:

Hand Weapons
 e - a +0 vampiric spear
 f - a +0 club (weapon)
Missiles
 b - 37 stones (quivered)
Armour
 c - a +0 robe (worn)
 o - a +0 helmet (worn)
 r - a scarf of cloud immunity (worn)
Scrolls
 g - a scroll of identify
 i - 2 scrolls of random uselessness
 j - a scroll of remove curse
 l - a scroll of amnesia {unknown}
 m - a scroll of fear
 q - 3 scrolls of teleportation {unknown}
 t - a scroll of immolation {unknown}
Potions
 a - a potion of lignification {unknown}
 h - 2 potions of curing {unknown}
 k - a potion of might {unknown}
 n - a potion of mutation {unknown}
 p - 2 potions of haste {unknown}
 u - a potion of brilliance {unknown}
 v - a potion of heal wounds {unknown}
 w - a potion of agility {unknown}
Comestibles
 d - 7 rations


   Skills:
 + Level 2.9 Dodging
 + Level 4.2 Stealth
 + Level 3.3 Spellcasting
   Level 0.7 Transmutations
 * Level 6.4 Earth Magic


You had 10 spell levels left.
You knew the following spells:

 Your Spells              Type           Power        Failure   Level  Hunger
a - Sandblast             Erth           ####..       1%          1    None

Your spell library contained the following spells:

 Spells                   Type           Power        Failure   Level  Hunger
 Passwall                 Tmut/Erth      ###.....     5%          2    ##.....
 Stone Arrow              Conj/Erth      ##....       13%         3    ###....
 Lee's Rapid Deconstruct  Erth           ####......   30%         5    ######.
 Petrify                  Tmut/Erth      ###.....     36%         4    ####...


Dungeon Overview and Level Annotations

Branches:
Dungeon (4/15)
 Temple: D:4-7

Altars:
Hepliaklqana
Wu Jian

Annotations:
D:4 Duvessa


Innate Abilities, Weirdness & Mutations

You are resistant to torment.
Your stone body is resilient. (AC +4)
You are immune to poison.
You resist negative energy. (rN+)
You are resistant to electric shocks. (rElec)
You can survive without breathing.
You are immune to petrification.
You are immune to rotting.


Message History

The blast of sand hits the orc priest!
The orc priest is almost dead.
The orc priest shouts!
b - 37 stones The orc shouts!
The orc priest shouts!
You hear a shout! x2
All of the chunks of flesh in your inventory have rotted away.
You closely miss the orc priest.
The orc priest is almost dead.
The orc priest hits you but does no damage.
You barely miss the orc priest.
The orc priest is almost dead.
An orc wizard comes into view. It is wielding a +0 dagger.
The orc priest calls down the wrath of Beogh upon you.
Beogh smites you!
The orc priest shouts!
The orc wizard shouts!
The orc priest mumbles some strange prayers to Beogh against you.
Beogh smites you!
The orc priest mumbles some strange prayers to Beogh against you.
Beogh smites you!
You die...

... #o..#.....
##.###.###...###
#...#...#......##
#.#.oo#...#.....#
#...#.o.#.......#
##.###o###......#
....#...#.......# ###
....#...#...#....## ##.###
#.......#....@.....#
#....##
##.#....##........##
#.....# ###### #....)..##
#...... ###....#### #......
###.<....#####......
..######....##......#.....#
...........########.....###
###...#....# #####....
##.......# #####


You could see 2 orc priests and 2 orcs.

Vanquished Creatures
  A phantom (D:2)
  A scorpion (D:4)
  An orc wizard (D:4)
  Jessica (D:2)
  A worker ant (D:4)
  Robin (D:1)
  6 adders
  2 oozes
  An adder skeleton (D:4)
  3 worms
  A dart slug (D:3)
  4 leopard geckos
  10 orcs
  6 giant cockroaches
  20 goblins
  9 hobgoblins
  8 jackals
  A ball python (D:1)
  7 bats
  4 frilled lizards
  6 kobolds
  A quokka skeleton (D:4)
  9 rats
104 creatures vanquished.

Notes
Turn   | Place    | Note
-------+----------+-------------------------------------------
     0 | D:1      | MachJacob the Gargoyle Earth Elementalist began the quest
                  | for the Orb.
     0 | D:1      | Reached XP level 1. HP: 10/10 MP: 3/3
   218 | D:1      | Reached XP level 2. HP: 15/15 MP: 1/5
   337 | D:1      | Reached skill level 4 in Earth Magic
   658 | D:1      | Reached XP level 3. HP: 19/19 MP: 4/6
  1269 | D:2      | Noticed Jessica
  1300 | D:2      | Reached XP level 4. HP: 24/24 MP: 3/7
  1490 | D:2      | Noticed a phantom
  1508 | D:2      | Noticed Robin
  1592 | D:1      | Killed Robin
  1614 | D:2      | Killed a phantom
  1614 | D:2      | Reached skill level 5 in Earth Magic
  1614 | D:2      | Reached XP level 5. HP: 13/28 MP: 1/9
  2065 | D:2      | Found an ornate altar of the Wu Jian Council.
  2335 | D:2      | Killed Jessica
  2335 | D:2      | Reached XP level 6. HP: 32/32 MP: 8/10
  2774 | D:3      | Found a hazy altar of Hepliaklqana.
  3169 | D:4      | Reached skill level 6 in Earth Magic
  3552 | D:4      | Noticed Duvessa
  3634 | D:4      | Killed from afar by an orc priest

Skill      XL: |  1  2  3  4  5  6 |
---------------+-------------------+-----
Earth Magic    | 4 5 6 |  6.4
Dodging        | 2 |  2.9
Stealth        | 3 4 |  4.2
Spellcasting   | 3 |  3.3
Transmutations | |  0.7

Action                   |  1- 3 |  4- 6 || total
-------------------------+-------+-------++-------
Melee: Club              |    62 |   133 ||   195
       Unarmed           |     3 |       ||     3
 Cast: Sandblast         |    35 |    80 ||   115
  Use: Scroll            |       |     5 ||     5
 Stab: Sleeping          |     1 |     1 ||     2
  Eat: Chunk             |     2 |     8 ||    10
Armor: Robe              |    35 |    66 ||   101
Dodge: Dodged            |    65 |   121 ||   186
